Map: Eastwatch LE

Players

Zanster - Winner!

  • Race: Zerg Zerg
  • Spawn Location: 1:00

iGXY (XY)

  • Race: Terran Terran
  • Spawn Location: 7:00

Event: WCS Leipzig 2018

VOD

Have the link to the VOD?

Description

Time

  • Played on: Jan. 26, 2018, 2:18 p.m.
  • Length: 28:41

All games in this series

Show
View Real Time Build Order
Export as new Build Order

Zanster Zerg - Winner!

Build Orders: Hatch First 

Get SALT Encoding   

  12  0:05  Drone  
  13  0:13  Overlord  
  13  0:25  Drone  
  14  0:31  Drone  
  14  0:32  Drone  
  16  0:37  Drone  
  17  0:53  Hatchery  
  17  0:55  Drone  
  17  0:59  Drone  
  18  1:10  Extractor  
  17  1:14  Spawning Pool  
  17  1:17  Drone  
  17  1:21  Drone  
  18  1:31  Drone  
  19  1:42  Drone  
  20  1:52  Overlord  
  20  2:05  Queen  
  20  2:07  Queen  
  20  2:08  Zergling x4  
  26  2:13  Metabolic Boost  
  26  2:15  Drone  
  27  2:18  Drone  
  28  2:31  Hatchery  
  28  2:33  Drone  
  28  2:36  Drone  
  29  2:38  Drone  
  29  2:41  Drone  
  31  2:48  Queen  
  31  2:51  Drone  
  34  2:55  Overlord  
  34  2:58  Drone  
  34  3:01  Drone  
  36  3:09  Spore Crawler  
  36  3:10  Overlord  
  35  3:17  Drone x4  
  40  3:20  Drone  
  40  3:21  Drone x2  
  40  3:24  Drone  
  44  3:31  Overlord  
  44  3:33  Queen  
  46  3:36  Queen  
  46  3:39  Drone  
  46  3:40  Drone  
  50  3:46  Drone x3  
  53  3:49  Queen  
  53  3:52  Drone  
  53  3:53  Drone  
  57  3:59  Drone x3  
  57  4:02  Overlord  
  60  4:05  Overlord  
  60  4:08  Drone  
  61  4:10  Overlord  
  61  4:12  Drone  
  62  4:18  Baneling Nest  
  62  4:21  Drone x2  
  62  4:22  Drone x2  
  65  4:26  Extractor  
  65  4:29  Lair  
  64  4:33  Zergling x12, Extractor  
  64  4:36  Drone x2  
  71  4:39  Overlord  
  71  4:41  Drone  
  72  4:48  Drone  
  72  4:49  Drone x2  
  75  4:53  Drone  
  75  4:56  Drone x3  
  75  4:57  Drone x3  
  75  4:58  Drone  
  83  5:02  Overlord  
  83  5:03  Drone  
  83  5:04  Drone  
  83  5:05  Drone  
  83  5:07  Spore Crawler  
  85  5:08  Spore Crawler x2  
  85  5:10  Drone  
  85  5:13  Evolution Chamber x2  
  82  5:14  Drone  
  82  5:17  Drone  
  82  5:21  Zergling x2  
  85  5:24  Zergling x14  
  85  5:25  Baneling x2  
  85  5:26  Baneling x3  
  92  5:29  Overlord  
  92  5:31  Baneling x2  
  92  5:32  Zergling x2  
  93  5:36  Extractor  
  93  5:37  Hydralisk Den  
  93  5:39  Extractor, Overlord  
  90  5:44  Drone  
  90  5:45  Drone x4  
  90  5:46  Zerg Ground Armor Level 1  
  95  5:52  Drone x2  
  95  5:54  Drone  
  95  5:57  Drone x5  
  96  6:03  Zerg Melee Weapons Level 1  
  97  6:04  Drone x2  
  97  6:10  Drone  
  97  6:11  Drone x4  
  104  6:15  Muscular Augments  
  104  6:20  Hatchery  
  104  6:21  Extractor  
  102  6:26  Drone x3  
  102  6:29  Centrifical Hooks  
  102  6:32  Hatchery, Overlord  
  104  6:35  Hydralisk x2  
  104  6:36  Hydralisk  
  104  6:37  Zergling x2  
  104  6:39  Overlord  
  111  6:44  Hydralisk x2  
  111  6:45  Zergling x2  
  111  6:46  Zergling x4  
  114  6:49  Overlord  
  113  6:56  Hydralisk  
  113  6:57  Infestation Pit  
  113  6:58  Hydralisk  
  113  7:00  Overlord  
  116  7:05  Overlord  
  116  7:08  Hydralisk x3  
  116  7:10  Overlord x3  
  122  7:15  Hydralisk  
  122  7:16  Hydralisk  
  126  7:28  Drone  
  126  7:29  Drone x6  
  127  7:31  Extractor  
  127  7:32  Extractor  
  127  7:34  Drone x7  
  124  7:37  Drone  
  124  7:38  Drone x2  
  124  7:42  Hive  
  124  7:43  Zerg Missile Weapons Level 1  
  125  7:45  Spire  
  125  7:50  Drone  
  125  7:51  Hydralisk x2  
  125  7:52  Zergling x4  
  125  7:57  Hatchery  
  130  7:58  Zergling x2  
  130  7:59  Zergling x4  
  130  8:00  Baneling x3  
  133  8:07  Hydralisk x2  
  133  8:08  Zergling x6  
  140  8:18  Hydralisk  
  140  8:19  Zergling x2  
  147  8:20  Zergling x16  
  151  8:31  Overlord  
  151  8:33  Hydralisk x2  
  155  8:34  Zergling x2  
  155  8:39  Zerg Melee Weapons Level 2  
  155  8:41  Zergling x2, Hydralisk x2  
  156  8:42  Zergling x10, Hatchery  
  156  8:43  Overlord  
  156  8:44  Overlord  
  156  8:46  Overseer  
  166  8:48  Zergling x8  
  169  8:57  Zergling x6  
  169  8:59  Greater Spire  
  169  9:02  Hatchery  
  171  9:05  Viper  
  171  9:06  Viper x2  
  171  9:09  Baneling x5  
  180  9:13  Zergling x2, Hydralisk  
  180  9:14  Zergling x10  
  180  9:15  Baneling x3  
  179  9:27  Hydralisk  
  179  9:28  Zergling x12  
  153  9:33  Zergling x2, Hydralisk  
  152  9:41  Zerg Missile Weapons Level 2  
  152  9:42  Hydralisk x4  
  160  9:47  Hatchery  
  160  9:52  Hydralisk  
  145  9:53  Zergling x18  
  154  10:00  Hydralisk x2  
  154  10:01  Zergling x2  
  154  10:06  Drone  
  158  10:15  Corruptor x6  
  158  10:17  Corruptor  
  170  10:21  Baneling  
  170  10:22  Baneling x3  
  170  10:23  Zergling x6, Extractor x2  
  171  10:32  Zergling x22  
  176  10:50  Drone x10  
  176  10:53  Extractor  
  176  10:54  Extractor  
  161  10:59  Hatchery  
  161  11:00  Drone x3  
  161  11:01  Brood Lord x3  
  161  11:03  Brood Lord  
  170  11:12  Drone  
  170  11:13  Drone x3  
  174  11:19  Brood Lord x3  
  174  11:22  Baneling x5  
  174  11:23  Baneling  
  180  11:30  Hydralisk  
  180  11:31  Hydralisk x3  
  180  11:32  Zergling x2  
  189  11:38  Drone x7  
  186  11:46  Drone  
  186  11:47  Drone x7  
  180  11:57  Drone  
  180  11:58  Drone x8  
  187  12:08  Hydralisk x3  
  186  12:11  Drone x3  
  182  12:20  Zerg Flyer Armor Level 1  
  182  12:21  Zerg Ground Armor Level 2  
  182  12:27  Zerg Melee Weapons Level 3  
  180  12:42  Hydralisk x4  
  180  12:43  Zergling x8, Hydralisk  
  193  12:52  Drone  
  194  13:03  Spore Crawler  
  194  13:04  Drone x6  
  199  13:07  Spore Crawler x2  
  199  13:08  Spore Crawler  
  199  13:10  Hydralisk  
  199  13:11  Zergling x2  
  199  13:12  Adrenal Glands  
  196  13:27  Ultralisk Cavern  
  196  13:28  Drone x5  
  192  13:36  Spine Crawler  
  191  13:48  Spine Crawler  
  190  13:53  Hydralisk x5  
  200  14:03  Pneumatized Carapace  
  200  14:14  Hatchery  
  200  14:16  Chitinous Plating  
  199  14:18  Zerg Flyer Armor Level 2, Spore Crawler  
  199  14:19  Spore Crawler  
  199  14:20  Spire  
  199  14:23  Viper x3  
  192  14:28  Hydralisk x9  
  192  14:29  Zergling x12  
  192  14:30  Hydralisk  
  192  14:31  Hydralisk  
  192  14:37  Zerg Missile Weapons Level 3  
  168  14:47  Hydralisk  
  168  14:48  Hydralisk x6  
  162  14:56  Hydralisk  
  162  14:57  Hydralisk x3  
  157  15:03  Baneling x7  
  157  15:08  Hydralisk x6  
  157  15:13  Drone x3  
  164  15:32  Ultralisk x2  
  164  15:33  Ultralisk  
  176  15:48  Hydralisk x8  
  176  15:49  Zergling x2  
  187  15:55  Drone x2  
  186  15:57  Drone  
  186  15:58  Drone x2  
  186  16:03  Zergling x20  
  195  16:22  Drone x4  
  194  16:25  Drone  
  194  16:26  Drone x5  
  195  16:34  Drone  
  195  16:35  Drone x5  
  199  16:52  Zergling x22  
  196  16:58  Ultralisk, Zergling x4  
  200  17:03  Overlord x2  
  200  17:06  Overlord x2  
  166  17:19  Ultralisk  
  166  17:20  Zergling x12  
  157  17:25  Hydralisk x5  
  157  17:28  Ultralisk x4  
  157  17:29  Zergling x6  
  159  17:30  Zergling x2  
  159  17:35  Drone  
  159  17:36  Drone x3  
  157  17:44  Viper x3  
  166  17:56  Baneling Nest  
  166  17:58  Hydralisk x7  
  163  18:02  Hatchery  
  173  18:10  Drone x5  
  173  18:12  Hydralisk x2  
  173  18:13  Zergling x6, Hydralisk x3  
  183  18:20  Drone x7  
  183  18:25  Overseer  
  182  18:32  Zergling x8  
  182  18:33  Overlord x2  
  186  18:36  Overlord  
  186  18:42  Spine Crawler  
  186  18:46  Baneling  
  186  18:47  Baneling  
  185  18:49  Zergling x2  
  185  18:50  Overlord  
  182  19:00  Drone x5, Zergling x2  
  182  19:01  Zergling x12  
  188  19:10  Zerg Ground Armor Level 3  
  188  19:21  Hydralisk x3  
  188  19:22  Zergling x2, Hydralisk x4  
  188  19:23  Zergling x2  
  176  19:27  Hydralisk x3  
  176  19:28  Zergling x2, Hydralisk x4  
  185  19:32  Viper x2  
  185  19:33  Viper  
  194  19:39  Zergling x2  
  194  19:40  Zergling x4  
  194  19:48  Zergling x2  
  194  19:49  Zergling x10  
  194  19:50  Extractor  
  196  19:53  Drone x4  
  196  19:55  Drone  
  196  19:56  Drone x2  
  197  20:01  Spine Crawler  
  194  20:16  Zergling x2  
  194  20:17  Zergling x10  
  194  20:20  Baneling x6  
  194  20:21  Baneling x5  
  198  20:30  Zergling x6  
  199  20:43  Spine Crawler  
  195  20:56  Hatchery  
  189  20:58  Drone x6  
  195  21:05  Zergling x10  
  195  21:08  Extractor  
  195  21:09  Extractor  
  190  21:14  Zerg Flyer Armor Level 3, Zerg Flyer Weapons Level 1  
  185  21:25  Zergling x2  
  185  21:26  Zergling x26  
  197  21:33  Drone x3  
  187  21:52  Drone  
  187  21:53  Drone x3  
  187  21:54  Drone  
  163  22:03  Ultralisk x3, Hatchery  
  163  22:07  Ultralisk  
  163  22:08  Zergling x14  
  200  22:20  Baneling x7  
  200  22:21  Baneling x5  
  199  22:22  Drone  
  199  22:23  Drone  
  199  22:28  Ultralisk x2, Hydralisk  
  198  22:49  Zergling x2  
  184  23:00  Viper x2  
  184  23:03  Zergling x34  
  188  23:06  Overlord  
  187  23:19  Extractor  
  165  23:21  Extractor  
  162  23:32  Extractor  
  162  23:34  Baneling x8, Extractor  
  159  23:52  Viper  
  159  23:55  Drone x3  
  159  24:15  Zergling x8  
  159  24:16  Zergling x24  
  151  24:36  Hydralisk  
  149  24:46  Hatchery  
  149  24:52  Hatchery  
  146  24:59  Hatchery  
  148  25:34  Viper x2  
  149  25:41  Drone  
  149  25:42  Drone x6  
  153  25:56  Drone x2  
  155  26:02  Extractor  
  154  26:22  Queen  
  147  26:37  Drone  
  147  26:38  Drone x5  
  147  26:39  Drone x2  
  155  26:50  Drone x6  
  161  26:56  Drone  
  161  26:57  Drone  
  119  27:50  Drone x12  
  131  27:51  Extractor x2  
  131  27:52  Drone x4, Extractor  
  131  27:53  Extractor  
  129  28:05  Hatchery  
  128  28:29  Hatchery  
Show
View Real Time Build Order
Export as new Build Order

iGXY Terran 

Build Orders: Liberator Opening, Reaper Expand, Mech 

Get SALT Encoding   

  12  0:00  SCV  
  13  0:13  SCV  
  14  0:17  Supply Depot  
  14  0:25  SCV  
  15  0:39  SCV  
  15  0:41  Barracks  
  16  0:44  Refinery  
  16  0:51  SCV  
  17  1:03  SCV  
  18  1:15  SCV  
  19  1:27  Orbital Command  
  19  1:28  Reaper  
  20  1:39  Command Center  
  20  1:49  Supply Depot  
  20  1:52  SCV  
  21  1:59  Marine  
  22  2:04  SCV  
  23  2:13  Factory  
  23  2:17  SCV  
  23  2:18  Refinery  
  23  2:21  Barracks Reactor  
  24  2:29  SCV  
  25  2:41  SCV  
  26  2:52  Orbital Command  
  26  2:53  SCV  
  27  2:58  Starport  
  27  3:04  Hellion x2  
  27  3:05  SCV  
  32  3:07  Barracks Tech Lab  
  32  3:17  SCV  
  32  3:18  SCV  
  34  3:24  Supply Depot  
  34  3:25  Hellion x2  
  38  3:29  SCV  
  38  3:30  SCV  
  40  3:40  Viking  
  42  3:41  SCV  
  42  3:42  SCV  
  42  3:47  Supply Depot  
  44  3:49  Hellion  
  44  3:51  Hellion  
  44  3:53  SCV  
  49  3:56  SCV  
  49  3:58  Liberator  
  50  4:05  SCV  
  50  4:08  SCV  
  52  4:12  Command Center  
  55  4:18  SCV  
  55  4:22  SCV  
  57  4:24  Supply Depot  
  57  4:29  Armory  
  57  4:31  SCV, Armory  
  58  4:35  SCV  
  59  4:39  Refinery x2  
  59  4:43  SCV  
  60  4:47  SCV  
  61  4:54  Barracks Tech Lab  
  61  4:55  SCV  
  61  4:56  Factory x2  
  61  4:58  Supply Depot  
  61  4:59  SCV  
  63  5:07  SCV  
  63  5:09  Hellion x2  
  63  5:11  SCV  
  69  5:14  Hellion x6  
  69  5:16  Supply Depot  
  69  5:18  Terran Vehicle Weapons Level 1  
  69  5:19  SCV  
  69  5:20  Terran Vehicle And Ship Armor Level 1  
  70  5:23  SCV  
  71  5:31  SCV  
  71  5:32  Hellion x2  
  77  5:35  SCV  
  77  5:43  SCV  
  77  5:47  SCV  
  76  5:53  Thor  
  76  5:54  Thor  
  76  5:55  SCV  
  89  5:59  SCV  
  88  6:07  SCV  
  88  6:11  Hellion x2, Medivac  
  93  6:12  SCV  
  93  6:13  Orbital Command  
  93  6:14  Barracks Reactor  
  96  6:19  SCV  
  96  6:24  SCV, Refinery  
  96  6:25  Refinery  
  98  6:32  SCV  
  99  6:36  SCV  
  100  6:40  Supply Depot  
  100  6:41  Siege Tank x2  
  100  6:42  Medivac  
  108  6:48  SCV  
  108  6:51  Supply Depot x2  
  109  7:01  SCV  
  109  7:02  Hellion x2, SCV  
  115  7:10  Factory  
  115  7:13  SCV, Siege Tank x2  
  122  7:16  SCV  
  122  7:20  Factory  
  123  7:26  SCV  
  123  7:28  SCV  
  115  7:30  Hellion x2  
  111  7:38  SCV  
  111  7:40  SCV  
  108  7:46  Siege Tank x2  
  108  7:47  SCV  
  108  7:49  Terran Vehicle And Ship Armor Level 2, Terran Vehicle Weapons Level 2  
  108  7:50  SCV  
  116  7:52  Hellion, SCV  
  116  7:56  Hellion  
  116  7:58  Hellion x2, Starport Reactor  
  125  7:59  SCV  
  125  8:02  SCV  
  125  8:04  SCV  
  125  8:05  Factory Tech Lab  
  128  8:06  Supply Depot  
  128  8:16  Hellion  
  128  8:17  Hellion  
  128  8:18  Command Center  
  132  8:21  Hellion x8  
  132  8:23  Supply Depot, Siege Tank x2  
  132  8:24  Supply Depot x2  
  138  8:33  Supply Depot  
  138  8:37  Viking x2  
  138  8:38  SCV  
  138  8:40  SCV  
  144  8:41  Rapid Fire Launchers  
  144  8:42  Smart Servos  
  144  8:44  Hellion, Siege Tank  
  144  8:45  Hellion x2  
  145  8:57  Siege Tank x2  
  145  8:58  Hellion  
  153  9:06  Hellion  
  153  9:07  Hellion x2, Viking x2  
  163  9:23  Infernal Pre-Igniter  
  163  9:24  Siege Tank  
  163  9:25  Hellion  
  163  9:31  Hellion x2, Siege Tank  
  138  9:33  Hellion x2  
  119  9:40  Engineering Bay  
  113  9:46  Hellion  
  110  9:53  Hellion x2  
  110  9:54  Hellion, Siege Tank  
  110  9:55  Viking  
  110  9:57  Siege Tank  
  124  10:03  Siege Tank  
  124  10:06  Planetary Fortress  
  127  10:08  Hellion  
  127  10:09  Refinery  
  127  10:11  SCV x3  
  130  10:14  Refinery, Hellion x2  
  130  10:15  Hellion  
  130  10:18  Missile Turret  
  134  10:26  SCV x3, Siege Tank  
  140  10:29  Hellion x2  
  140  10:33  Viking x2  
  140  10:35  Siege Tank  
  153  10:36  Hellion x2  
  153  10:38  SCV x3  
  156  10:50  Siege Tank  
  156  10:54  Hellion  
  151  10:58  Siege Tank  
  151  10:59  Hellion x3  
  151  11:03  Viking x2  
  154  11:07  Siege Tank  
  157  11:15  Hellion, Terran Vehicle Weapons Level 3  
  157  11:17  Terran Vehicle And Ship Armor Level 3  
  159  11:20  Hellion  
  159  11:21  Hellion x2  
  159  11:25  Command Center  
  165  11:27  Siege Tank  
  165  11:30  Hellion  
  170  11:38  Viking x2  
  174  11:42  Hellion x3, Siege Tank  
  174  11:43  Hellion  
  174  11:44  Hellion x2  
  181  11:51  Siege Tank  
  182  11:59  Siege Tank  
  182  12:00  Hellion  
  185  12:05  Hellion x2  
  187  12:08  Viking x2  
  187  12:12  Supply Depot  
  187  12:14  Siege Tank  
  186  12:21  Hellion  
  188  12:23  Hellion  
  188  12:24  Siege Tank  
  188  12:29  Starport  
  189  12:31  Siege Tank  
  190  12:38  Viking x2, Starport  
  190  12:39  Starport  
  194  12:52  Siege Tank  
  195  13:00  Missile Turret x2  
  193  13:07  Hi-Sec Auto Tracking  
  193  13:08  Viking x2  
  193  13:10  Missile Turret  
  193  13:11  Missile Turret  
  199  13:20  Starport Reactor x2  
  199  13:21  Starport Reactor  
  175  13:34  Thor x2  
  175  13:38  Viking x2  
  189  13:44  Planetary Fortress  
  189  13:54  Terran Ship Weapons Level 1  
  189  13:56  Viking x3  
  189  14:01  Viking x2  
  199  14:06  Refinery  
  199  14:07  Refinery  
  194  14:25  Viking x3, Missile Turret  
  194  14:26  Viking  
  194  14:27  Thor  
  194  14:30  Missile Turret  
  199  14:33  Missile Turret  
  191  14:41  Viking x3  
  163  14:52  Thor  
  163  14:53  Thor  
  163  14:56  Missile Turret  
  163  14:58  Hellion x2  
  163  14:59  Hellion x2  
  173  15:09  Viking x2  
  173  15:10  Thor  
  181  15:20  Hellion x4  
  171  15:35  Thor  
  171  15:36  Hellion  
  171  15:41  Hellion x4  
  184  15:53  Siege Tank  
  185  15:57  Thor  
  185  16:02  Hellion  
  185  16:03  Hellion x3  
  189  16:34  Hellion, Siege Tank x2  
  189  16:35  Hellion  
  186  16:49  Siege Tank  
  186  16:50  Hellion x2  
  189  16:56  Hellion x2  
  191  17:06  Hellion, Siege Tank  
  196  17:11  Hellion x2  
  194  17:17  Hellion x2  
  194  17:21  Thor  
  167  17:28  Siege Tank  
  132  17:32  Hellion x2  
  132  17:33  Viking  
  132  17:34  Viking  
  132  17:35  Missile Turret  
  128  17:38  Siege Tank  
  128  17:39  Hellion x2, Viking x3  
  135  17:49  Viking x2  
  139  17:54  Hellion x2  
  143  18:00  Hellion x2, Siege Tank  
  143  18:03  Hellion x3  
  143  18:04  Hellion  
  152  18:10  Siege Tank  
  146  18:15  Hellion x2, Orbital Command  
  150  18:21  Hellion  
  150  18:22  Hellion  
  150  18:25  Siege Tank  
  149  18:28  Liberator x3  
  149  18:32  Hellion, Liberator x2  
  147  18:36  Hellion  
  147  18:37  Hellion  
  149  18:42  Siege Tank  
  149  18:43  Hellion x2, Viking  
  167  18:53  Siege Tank  
  167  18:58  Hellion x3  
  171  19:04  Hellion x2  
  173  19:14  Siege Tank  
  176  19:19  Hellion x2, Siege Tank  
  159  19:25  Hellion  
  159  19:26  Hellion x2  
  138  19:41  Hellion x2  
  127  19:46  Siege Tank  
  127  19:47  Hellion x2, Siege Tank  
  127  19:51  Hellion  
  139  19:55  Liberator x2  
  137  20:02  Hellion x2  
  135  20:08  Hellion x2  
  135  20:11  Hellion x15  
  135  20:12  Siege Tank  
  148  20:14  Viking  
  148  20:15  Viking  
  148  20:19  Hellion x2  
  156  20:22  Orbital Command  
  156  20:23  Hellion  
  156  20:24  Hellion  
  156  20:25  Viking  
  162  20:30  Hellion x2  
  166  20:38  SCV, Hellion x9  
  166  20:40  Siege Tank x2  
  173  20:45  Hellion x3  
  179  20:50  SCV  
  179  20:51  Hellion x2  
  179  20:55  Viking  
  174  21:02  Viking  
  174  21:06  Hellion x2, Siege Tank  
  177  21:12  Hellion x2, Siege Tank  
  182  21:19  Viking x2  
  182  21:22  Hellion  
  182  21:46  Supply Depot  
  182  21:51  Supply Depot x2  
  182  21:52  Supply Depot  
  182  21:54  Supply Depot  
  182  21:58  Hellion  
  182  21:59  Hellion  
  182  22:00  Hellion  
  182  22:01  Hellion x2, Viking  
  180  22:02  Hellion  
  180  22:03  Siege Tank  
  167  22:12  Viking  
  169  22:19  Hellion  
  169  22:21  Hellion  
  173  22:24  Hellion  
  173  22:25  Hellion x2  
  173  22:27  Hellion  
  179  22:35  Hellion  
  177  22:42  Hellion  
  141  22:59  Hellion  
  117  23:06  Siege Tank  
  114  23:12  Hellion  
  114  23:13  Hellion  
  54  26:46  Orbital Command  
  52  27:27  SCV  
  47  27:39  SCV  
  42  27:58  Supply Depot x2  
  42  28:24  Supply Depot  
  42  28:25  Supply Depot  
  42  28:26  Supply Depot  
  42  28:28  Supply Depot  
Tags
 
Add a new tag
Caveats
  • Supply blocks, unpowered buildings, or Contaminate may cause inaccurate times.
  • Supply counts are checked every 10 seconds.